 Dungeon Crawl Stone Soup version 0.21.0-3-g78d12a8 (webtiles) character file.

707848 DogShitOnMyToe the Ruinous (level 27, -1/152 HPs)
             Began as a Deep Elf Conjurer on Jan 14, 2018.
             Was a High Priest of Sif Muna.
             Killed from afar by a hellion (27 damage)
             ... with damnation
             ... on level 23 of a ziggurat on Jan 15, 2018.
             The game lasted 09:22:12 (72749 turns).

DogShitOnMyToe the Ruinous (Deep Elf Conjurer)     Turns: 72749, Time: 09:22:15

Health: -1/152     AC: 16    Str:  5      XL:     27
Magic:  24/47      EV: 28    Int: 41      God:    Sif Muna [*****.]
Gold:   3859       SH:  8    Dex: 18 (19) Spells: 0/62 levels left

rFire    + + +     SeeInvis +   n - staff of wizardry
rCold    + + +     Gourm    .   l - +3 buckler {rPois}
rNeg     + + +     Faith    .   y - +4 troll leather armour {Snorg}
rPois    ∞         Spirit   .   x - -2 hat of the Alchemist {rElec rPois rF+ rC+ rN+ MR+ rMut rCorr}
rElec    +         Reflect  .   g - scarf {cloud immunity}
rCorr    +         Harm     .   I - +0 pair of gloves of Good Intentions {Int+4}
rMut     +                      k - +2 pair of boots "Azoukuj" {*Slow MR+ Dex+8 SInv}
MR       +++++                  A - amulet "Quujut" {RegenMP SInv}
Stlth    +.........             r - ring "Vagraojo" {+Blink rPois rC+++ Int+3 Dex-4}
HPRegen  0.75/turn              H - ring "Yghait" {rCorr rElec rF+++ rC- Stlth-}
MPRegen  0.55/turn

@: lich-form, sap magic, very slightly contaminated, very magic sapped, no
casting
A: beak, electricity resistance
}: 3/15 runes: serpentine, barnacled, silver
a: End Transformation, Stop Divine Energy, Channel Magic, Forget Spell, Renounce
Religion, Evoke Blink


You were on level 23 of a ziggurat.
You worshipped Sif Muna.
Sif Muna was extremely pleased with you.
You were not hungry.
You were a lich.
You visited 9 branches of the dungeon, and saw 45 of its levels.
You visited the Abyss 1 time.
You visited 1 ziggurat, and saw 23 of its levels.
You also visited: Ice Cave.

You collected 6427 gold pieces.
You spent 2568 gold pieces at shops.

Inventory:

Hand Weapons
 V - the +6 Majin-Bo {vamp, Archmagi MP+6 Int+6}
   (You found it on level 3 of the Depths)

   It inflicts no extra harm, but heals its wielder when it wounds a living foe.
   It affects your intelligence (+6).
   It affects your magic capacity (+6).
Armour
 g - a scarf of cloud immunity (worn)
 h - the +1 pair of gloves of Lies {*Slow rPois rN+ MP+9}
   (You found it on level 2 of the Depths)

   It protects you from poison.
   It protects you from negative energy.
   It affects your magic capacity (+9).
   It may slow you when you take damage.
 k - the +2 pair of boots "Azoukuj" (worn) {*Slow MR+ Dex+8 SInv}
   (You bought it in a shop on level 2 of the Orcish Mines)

   It affects your dexterity (+8).
   It affects your resistance to hostile enchantments.
   It lets you see invisible.
   It may slow you when you take damage.
 l - a +3 buckler of poison resistance (worn)
 x - the -2 hat of the Alchemist (worn) {rElec rPois rF+ rC+ rN+ MR+ rMut rCorr}
   (You found it on level 5 of the Vaults)

   It protects you from fire.
   It protects you from cold.
   It insulates you from electricity.
   It protects you from poison.
   It protects you from negative energy.
   It affects your resistance to hostile enchantments.
   It protects you from acid and corrosion.
   It protects you from mutation.
 y - a +4 troll leather armour (worn) {Snorg}
 I - the +0 pair of gloves of Good Intentions (worn) {Int+4}
   (You found it on level 17 of a ziggurat)

   It affects your intelligence (+4).
 J - the +1 robe of Resilience {rF+ Dex+4, unknown}
   (You found it on level 13 of a ziggurat)

   It affects your dexterity (+4).
   It protects you from fire.
Magical Staves
 n - an uncursed staff of wizardry (weapon)
Jewellery
 q - the ring "Walan" {Ice -Tele +Fly Dex+4, unknown}
   (You found it on level 19 of a ziggurat)

   [ring of ice]

   It enhances your ice magic.
   It affects your dexterity (+4).
   It makes you vulnerable to fire.
   It protects you from cold.
   It lets you fly.
   It prevents most forms of teleportation.
 r - the ring "Vagraojo" (left hand) {+Blink rPois rC+++ Int+3 Dex-4}
   (You found it on level 3 of the Elven Halls)

   [ring of intelligence]

   It affects your intelligence (+3).
   It affects your dexterity (-4).
   It renders you almost immune to cold.
   It protects you from poison.
   It lets you blink.
 w - an uncursed amulet of faith {unknown}
 A - the amulet "Quujut" (around neck) {RegenMP SInv}
   (You took it off a deep elf annihilator on level 3 of the Elven Halls)

   [amulet of magic regeneration]

   It increases your magic regeneration.
   It lets you see invisible.
 G - the ring of Zoyqirgh {*Tele rF- Dex+3 Stlth+, unknown}
   (You found it on level 18 of a ziggurat)

   [ring of teleportation]

   It may teleport you next to monsters.
   It affects your dexterity (+3).
   It makes you vulnerable to fire.
   It makes you more stealthy.
 H - the ring "Yghait" (right hand) {rCorr rElec rF+++ rC- Stlth-}
   (You bought it in a shop on level 1 of the Elven Halls)

   [ring of resist corrosion]

   It renders you almost immune to fire.
   It makes you vulnerable to cold.
   It insulates you from electricity.
   It makes you less stealthy.
 P - the cursed ring of Recklessness {EV-3 Dex+3 Stlth+, unknown}
   (You found it on level 20 of a ziggurat)

   [ring of evasion]

   It affects your evasion (-3).
   It affects your dexterity (+3).
   It makes you more stealthy.
   It has a curse placed upon it.
 U - the ring "Quoriux" {*Drain +Blink rC+ Dex+2, unknown}
   (You found it on level 22 of a ziggurat)

   [ring of dexterity]

   It affects your dexterity (+2).
   It protects you from cold.
   It lets you blink.
   It causes draining when unequipped.
 W - the ring "Caarinob" {*Slow +Blink MP+9 Int+5 Stlth-, unknown}
   (You found it on level 22 of a ziggurat)

   [ring of loudness]

   It affects your intelligence (+5).
   It affects your magic capacity (+9).
   It lets you blink.
   It may slow you when you take damage.
   It makes you less stealthy.
 Z - a cursed amulet of inaccuracy {unknown}
Scrolls
 j - 14 scrolls of fog
 o - 6 scrolls of fear
 u - 13 scrolls of magic mapping
 B - 29 scrolls of teleportation
 C - 16 scrolls of enchant armour
 K - 32 scrolls of remove curse
 L - 4 scrolls of amnesia
 Q - 2 scrolls of blinking
Potions
 a - 4 potions of ambrosia
 b - 2 potions of magic
 d - 4 potions of cancellation
 e - 11 potions of curing
 f - 2 potions of resistance
 s - 7 potions of brilliance
 t - 3 potions of agility
 E - 8 potions of flight
 F - 12 potions of heal wounds
 M - 8 potions of lignification
 N - 9 potions of mutation
 T - 2 potions of invisibility
Books
 i - Sif Muna's Collected Works on Summoning and the Birds
   (Sif Muna gifted it to you on level 5 of the Vaults)

   Spells                             Type                      Level
   a - Summon Small Mammal            Summoning                    1
   b - Summon Mana Viper              Hexes/Summoning              5
   c - Aura of Abjuration             Summoning                    5
   d - Deflect Missiles               Charms/Air                   6
   e - Freezing Cloud                 Conjuration/Ice/Air          6
   f - Tornado                        Air                          9
 m - Sif Muna's Guide on Dislocated Battle Magic
   (Sif Muna gifted it to you on level 3 of the Snake Pit)

   Spells                             Type                      Level
   a - Throw Frost                    Conjuration/Ice              2
   b - Static Discharge               Conjuration/Air              3
   c - Force Lance                    Conjuration/Translocation    4
   d - Summon Forest                  Summoning/Translocation      5
   e - Spellforged Servitor           Conjuration/Summoning        7
 z - Sif Muna's Handbook of the Glacier and Unholy Rituals
   (Sif Muna gifted it to you on level 3 of the Vaults)

   Spells                             Type                      Level
   a - Summon Ice Beast               Ice/Summoning                4
   b - Freezing Cloud                 Conjuration/Ice/Air          6
   c - Death Channel                  Necromancy                   6
   d - Infestation                    Necromancy                   8
 R - a book of the Warp

   Spells                             Type                      Level
   a - Gell's Gravitas                Translocation                3
   b - Portal Projectile              Hexes/Translocation          3
   c - Force Lance                    Conjuration/Translocation    4
   d - Dispersal                      Translocation                6
   e - Controlled Blink               Translocation                8
   f - Disjunction                    Translocation                8
 S - Sif Muna's Grimoire of Twisted Orientation
   (Sif Muna gifted it to you on level 15 of the Dungeon)

   Spells                             Type                      Level
   a - Corpse Rot                     Necromancy                   2
   b - Blink                          Translocation                2
   c - Recall                         Summoning/Translocation      3
   d - Teleport Other                 Translocation                3
   e - Borgnjor's Vile Clutch         Necromancy/Earth             5
   f - Simulacrum                     Ice/Necromancy               6
   g - Dispersal                      Translocation                6
   h - Borgnjor's Revivification      Necromancy                   8
 X - Wuib's Compendium of the Rocks and Evil Secrets
   (Sif Muna gifted it to you on level 5 of the Vaults)

   Spells                             Type                      Level
   a - Leda's Liquefaction            Hexes/Earth                  4
   b - Animate Dead                   Necromancy                   4
   c - Lee's Rapid Deconstruction     Earth                        5
   d - Dispel Undead                  Necromancy                   5
   e - Haunt                          Necromancy/Summoning         7
 Y - Sif Muna's Catalogue of Sinister Arts
   (Sif Muna gifted it to you on level 5 of the Vaults)

   Spells                             Type                      Level
   a - Animate Skeleton               Necromancy                   1
   b - Pain                           Necromancy                   1
   c - Sublimation of Blood           Necromancy                   2
   d - Simulacrum                     Ice/Necromancy               6
   e - Death's Door                   Charms/Necromancy            8
   f - Necromutation                  Transmutation/Necromancy     8
Miscellaneous
 p - a fan of gales
 D - 4 phantom mirrors
 O - 7 sacks of spiders
Comestibles
 c - 41 rations


   Skills:
 + Level 17.2 Fighting
 - Level 22.4 Dodging
 - Level 2.4 Stealth
 - Level 4.1 Shields
 - Level 18.3 Spellcasting
 - Level 24.9 Conjurations
 - Level 18.9 Charms
 - Level 17.5 Necromancy
 - Level 16.0 Translocations
 - Level 16.2 Transmutations
 - Level 24.6 Ice Magic
 - Level 8.5 Earth Magic
 - Level 10.6 Invocations


You couldn't memorise any spells.
You knew the following spells:

 Your Spells              Type           Power        Failure   Level  Hunger
a - Infestation           Necr           ########..   19%         8    N/A
b - Necromutation         Tmut/Necr      ########..   22%         8    N/A
c - Borgnjor's Vile Clut  Necr/Erth      ########..   4%          5    N/A
d - Orb of Destruction    Conj           ########..   4%          7    N/A
e - Apportation           Tloc           ######       2%          1    N/A
h - Shroud of Golubria    Chrm/Tloc      ########..   2%          2    N/A
k - Controlled Blink      Tloc           N/A          26%         8    N/A
m - Deflect Missiles      Chrm/Air       #######...   16%         6    N/A
x - Borgnjor's Revivific  Necr           ########..   19%         8    N/A
y - Glaciate              Conj/Ice       ########..   19%         9    N/A

Dungeon Overview and Level Annotations

Branches:
Dungeon (15/15)            Temple (1/1) D:5            Lair (6/6) D:11
 Shoals (4/4) Lair:3        Snake (4/4) Lair:4        Slime (0/5) Lair:6
    Orc (2/2) D:11            Elf (3/3) Orc:2        Vaults (5/5) D:13
  Crypt (0/3) Vaults:3     Depths (5/5) D:15            Zot (0/5) Depths:5

Altars:
Ashenzari
Cheibriados
Dithmenos
Elyvilon
Fedhas
Gozag
Hepliaklqana
Kikubaaqudgha
Makhleb
Nemelex Xobeh
Okawaru
Qazlal
Ru
Sif Muna
Trog
Uskayaw
Vehumet
Wu Jian
Xom
Yredelemnul
Zin
The Shining One
Beogh

Shops:
D:5 [   D:8 (   D:13 (   D:15 }   Orc:1 !   Orc:2 :(*=   Elf:1 }==!   Elf:2 }
Elf:3 [   Shoals:4 !   Snake:1 (:[   Snake:2 %   Vaults:3 *   Depths:5 %

Portals:
Hell: Depths:1 Depths:2 Depths:3 Depths:4 Depths:5
Abyss: Depths:1 Depths:2 Depths:3 Depths:4 Depths:5
Pandemonium: Depths:3 Depths:5
Trove: Depths:3 (give 12 potions of heal wounds)

Annotations:
D:8 Joseph
D:11 exclusion: door
Shoals:3 exclusion: downstairs
Depths:3 exclusion: downstairs


Innate Abilities, Weirdness & Mutations

You have a beak for a mouth.
You are resistant to electric shocks. (rElec)


Message History

The cacodemon is lost in a daze.
The shadow demon is lost in a daze.
A hellion comes into view.
The cacodemon is lost in a daze.
The shadow demon is lost in a daze.
The cacodemon gestures at you. The bolt of energy hits you!
* * * LOW HITPOINT WARNING * * *
A torturous warmonger comes into view.
It is wielding a demon whip of electrocution.
Unknown command.
Unknown command.
Unknown command.
Unknown command.
Okay, then.
Okay, then.
The hellion gestures at you.
The sphere of damnation explodes!
The damnation engulfs you!
* * * LOW HITPOINT WARNING * * *
The cacodemon is lost in a daze.
The gelid warmonger is lost in a daze.
The hellion gestures at you.
The sphere of damnation explodes!
The damnation engulfs you!
You die...

▓▓.....................
▓........2......6......
▓▓.§§§.....2...........
▓▓§§§....2............
▓▓....6.4............
▓▓▓..2...2..........
▓▓................
▓▓▓...6.......▓
▓▓▓▓▓▓L▓▓▓▓▓▓ ▓▓▓


You could see 2 cacodemons, 2 demonspawn, a hell beast (dazed), a torturous
black sun (dazed), a shadow demon (dazed), a rust devil and a hellion.

Vanquished Creatures
  The ghost of 0nlyMegaZig the Archmage, a legendary DsFE of Vehumet (Zig:20)
  2 ancient liches (Vaults:5)
  4 juggernauts
  12 greater mummies (Zig:19)
  The ghost of RepHenryClay the Petrodigitator, a veteran DECj of Kikubaaqudgha (Vaults:5)
  Boris (twice) (Vaults:5 Depths:5)
  Saint Roka (Depths:3)
  Frederick (Vaults:3)
  2 shard shrikes (Zig:9)
  3 Killer Klowns
  Xtahua (Depths:3)
  2 caustic shrikes (Depths:5)
  7 golden dragons
  7 pandemonium lords
  4 pearl dragons (Zig:10)
  2 Brimstone Fiends (Zig:23)
  A Tzitzimitl (Zig:23)
  2 iron giants (Zig:14)
  9 tentacled monstrosities
  3 Ice Fiends
  9 liches
  A quicksilver dragon (shapeshifter) (Zig:17)
  A titan (shapeshifter) (Zig:17)
  11 titans
  10 deep elf blademasters
  Asterion (Depths:4)
  7 deep elf master archers
  6 Executioners
  3 acid blobs (Zig:5)
  2 quicksilver dragons (Vaults:5)
  7 sphinxes
  2 sphinxes (shapeshifter)
  Polyphemus (Shoals:2)
  12 shadow dragons
  A thorn hunter (Zig:22)
  2 storm dragons
  Donald (Vaults:3)
  A tengu reaver (Zig:7)
  26 nagarajas
  10 draconian monks
  A storm dragon (shapeshifter) (Depths:2)
  2 azure jellies (shapeshifter)
  Ilsuiw (Shoals:4)
  A daeva (Zig:10)
  9 fire giants
  10 frost giants
  15 vault wardens
  5 draconian scorchers
  A spectral caustic shrike (Zig:11)
  Louise (Shoals:4)
  4 cacodemons
  2 black suns (Zig:11)
  Aizul (Vaults:3)
  An orc warlord (Vaults:5)
  2 balrugs
  8 draconian shifters
  4 iron dragons
  6 draconian knights
  2 ghost moths (Zig:12)
  7 deep elf elementalists
  10 draconian stormcallers
  8 deep elf sorcerers
  2 war gargoyles (Vaults:5)
  An angel (Zig:10)
  A blood saint (Zig:23)
  5 draconian annihilators
  13 ironheart preservers
  A reaper (Zig:8)
  4 vampire knights
  15 deep elf demonologists
  2 ophanim (Zig:10)
  An entropy weaver (Vaults:4)
  6 green draconians
  17 very ugly things
  24 stone giants
  2 corrupters (Zig:8)
  17 deep elf annihilators
  2 apis (Zig:10)
  5 black draconians
  A red draconian (Zig:21)
  5 spark wasps
  A lorocyproca (Zig:23)
  The ghost of XxsatanxX the Fighter, a journeyman HOBe of Trog (D:12)
  9 yellow draconians
  4 white draconians
  11 fire dragons
  6 purple draconians
  3 eidola
  A fire dragon (shapeshifter) (Zig:17)
  3 mummy priests (Zig:19)
  16 ettins
  Snorg (D:11)
  5 green deaths (Zig:22)
  7 merfolk javelineers
  13 merfolk impalers
  11 deep elf death magi
  13 deep elf high priests
  12 yaktaur captains
  A rakshasa (Vaults:2)
  6 great orbs of eyes
  34 vault guards
  An ice dragon (shapeshifter) (Vaults:5)
  4 alligator snapping turtles
  3 spriggan air magi
  2 ghost crabs (Zig:22)
  18 hydras
  12 ice dragons
  9 anacondas
  12 naga warriors
  2 quicksilver dragon skeletons (Zig:19)
  5 catoblepae
  2 hell beasts (Zig:8)
  8 merfolk aquamancers
  The ghost of willcat the Jinx, a journeyman FeAK of Lugonu (D:14)
  A two-headed ogre (shapeshifter) (Depths:2)
  40 two-headed ogres
  12 centaur warriors
  3 merfolk avatars
  An alligator (Zig:22)
  A death knight (Vaults:4)
  44 dancing weapons
  The ghost of DogShitOnMyToe the Basher, a novice OgAM of Okawaru (D:7)
  13 death yaks
  18 ogre magi
  A satyr (Shoals:4)
  A spectral frost giant (Zig:11)
  2 vampire magi (Depths:3)
  15 deep troll earth magi
  The ghost of HilariousDeathArtist the Jinx, a journeyman FeAK of Lugonu (D:14)
  6 tengu warriors
  A satyr (shapeshifter) (Depths:5)
  A death scarab (Zig:19)
  13 deep troll shamans
  5 spriggan berserkers
  9 shock serpents
  6 naga sharpshooters
  Urug (D:10)
  A titan skeleton (D:15)
  28 deep elf knights
  6 salamander mystics
  A hell knight (Vaults:5)
  A soul eater (Zig:8)
  2 sun demons (Depths:1)
  An iron troll (Depths:4)
  A fire crab (shapeshifter) (Zig:17)
  4 shadow wraiths
  3 skeletal warriors
  12 sea snakes
  An iron troll (shapeshifter) (Zig:4)
  3 unseen horrors
  6 wizards
  14 death drakes (Zig:22)
  An unseen horror (shapeshifter) (Vaults:5)
  5 flayed ghosts
  A deep troll (shapeshifter) (D:15)
  3 cherubim (Zig:10)
  43 deep trolls
  7 swamp dragons (Zig:22)
  A swamp dragon (shapeshifter) (Depths:5)
  22 ironbrand convokers
  A glowing orange brain (Depths:2)
  An obsidian statue (Zig:5)
  7 naga ritualists
  27 deep elf archers
  3 shambling mangroves (Zig:22)
  4 phantasmal warriors
  2 orb spiders (shapeshifter)
  15 orc knights
  102 deep elf magi
  16 orc sorcerers
  An iron dragon zombie (Zig:19)
  10 oklob plants
  13 mana vipers
  A shining eye (Zig:5)
  5 orb spiders (Zig:12)
  43 ugly things
  15 cyclopes
  6 necromancers
  35 harpies
  The ghost of mandarbmax the Gouger, a novice FeEn of Ru (Lair:2)
  14 salamanders
  2 salamanders (shapeshifter)
  19 manticores
  13 fauns
  A sphinx skeleton (Zig:19)
  A moth of wrath (Zig:12)
  6 wolf spiders
  A tengu skeleton (Zig:19)
  14 elephants
  7 merfolk sirens
  2 elephants (shapeshifter)
  3 guardian serpents
  2 ice statues (IceCv)
  25 naga magi
  A black mamba (shapeshifter) (Depths:2)
  A centaur zombie (D:14)
  A spriggan zombie (Zig:19)
  2 water nymphs (shapeshifter)
  43 black mambas
  2 apocalypse crabs (Zig:17)
  17 vault sentinels
  12 spiny frogs
  A torpor snail (shapeshifter) (Zig:17)
  9 water nymphs
  Psyche (D:10)
  A torpor snail (Zig:2)
  4 centaur skeletons
  A hellion (Zig:8)
  A rime drake (shapeshifter) (Depths:2)
  A spriggan skeleton (Zig:19)
  An efreet (D:13)
  A kobold demonologist (D:13)
  A tormentor (Zig:3)
  2 rime drakes (Zig:9)
  7 komodo dragons
  A red devil (Zig:3)
  5 freezing wraiths
  47 yaktaurs
  5 ice devils
  3 tengu conjurers
  13 guardian mummies (Zig:19)
  6 trolls
  3 demonic crawlers (Zig:12)
  A meliai (shapeshifter) (Vaults:4)
  A merfolk (shapeshifter) (Elf:2)
  51 merfolk
  A polar bear (shapeshifter) (Depths:2)
  A queen bee (shapeshifter) (Zig:20)
  2 wind drakes (shapeshifter)
  6 wind drakes
  14 hornets
  A tengu simulacrum (Vaults:3)
  5 jumping spiders (Zig:12)
  A tyrant leech (Zig:22)
  A bog body (Zig:22)
  11 dream sheep
  A hornet (shapeshifter) (Vaults:2)
  27 slime creatures
  13 blink frogs
  A deep troll zombie (D:15)
  A dream sheep (shapeshifter) (Zig:17)
  10 snapping turtles
  A hippogriff (shapeshifter) (Vaults:1)
  2 flying skulls
  7 spriggans
  A frost giant simulacrum (Zig:9)
  16 hippogriffs
  A shadow (D:11)
  5 air elementals
  An elf skeleton (Zig:19)
  A redback (shapeshifter) (Zig:7)
  A spriggan (shapeshifter) (Depths:2)
  20 water elementals
  3 redbacks (Zig:12)
  2 tarantellas (shapeshifter)
  A vampire (D:13)
  4 tarantellas (Zig:12)
  4 ushabtiu (Zig:19)
  Eustachio (D:4)
  An ice dragon skeleton (D:15)
  4 wyverns
  A golden eye (shapeshifter) (Zig:17)
  2 golden eyes (Abyss:3)
  57 yaks
  5 wraiths
  A basilisk (Lair:5)
  2 hungry ghosts
  7 fire elementals
  14 vampire mosquitoes
  5 chaos spawn
  9 wargs
  2 wargs (shapeshifter)
  A naga (shapeshifter) (Vaults:4)
  3 acid dragons
  62 nagas
  Edmund (D:4)
  2 soldier ants
  15 water moccasins
  A human zombie (D:15)
  A floating eye (Depths:2)
  4 swamp drakes
  7 porcupines
  A hornet zombie (D:13)
  48 orc warriors
  3 sky beasts
  A black bear (shapeshifter) (Depths:2)
  2 phantoms
  9 ice beasts
  A small abomination (Abyss:3)
  2 eyes of draining (shapeshifter)
  A necrophage (D:14)
  16 boggarts
  A tengu (shapeshifter) (Depths:2)
  28 ogres
  A wolf (shapeshifter) (D:14)
  23 centaurs
  12 crocodiles
  9 big kobolds
  13 bullfrogs
  Blork the orc (D:4)
  An elf simulacrum (Vaults:1)
  A glowing shapeshifter simulacrum (Zig:9)
  A wyvern zombie (D:10)
  A bullfrog (shapeshifter) (Depths:2)
  A scorpion (shapeshifter) (Depths:2)
  4 scorpions
  4 wights (D:12)
  4 electric eels
  10 howler monkeys
  5 crimson imps
  6 hounds
  A bullfrog zombie (D:13)
  17 orc priests
  Crazy Yiuf (D:4)
  9 jellies
  A bullfrog skeleton (D:12)
  A gnoll shaman (D:7)
  53 orc wizards
  5 iguanas
  A lightning spire (Zig:20)
  10 worker ants
  18 mummies (Zig:19)
  8 gnolls
  11 adders
  A river rat (D:6)
  4 shadow imps
  10 oozes
  An adder skeleton (D:9)
  5 worms
  A dart slug (D:3)
  A leopard gecko (D:9)
  150 orcs
  8 bats
  11 giant cockroaches
  A goblin (shapeshifter) (Depths:2)
  7 hobgoblins
  14 jackals
  2 quokkas
  A frilled lizard (D:2)
  10 goblins
  33 kobolds
  11 rats
  12 blocks of ice
  2 crawling corpses (Zig:11)
  A fungus (Lair:4)
  30 plants
2706 creatures vanquished.

Vanquished Creatures (collateral kills)
  A caustic shrike (Depths:5)
  A stone giant (Depths:5)
  An ettin (Depths:5)
  A great orb of eyes (Depths:5)
  2 deep troll shamans (Depths:5)
  2 deep trolls (Depths:5)
  An ironbrand convoker (Vaults:4)
9 creatures vanquished.

Vanquished Creatures (others)
  An ancient lich (Depths:5)
  An eldritch tentacle (Zig:17)
  A harpy (Shoals:4)
  A deep elf archer (Elf:2)
  2 deep elf magi
  A black mamba (Lair:6)
  An air elemental (Zig:20)
  A kobold (D:10)
  402 blocks of ice
  17 fungi
  72 plants
  2 withered plants (D:15)
502 creatures vanquished.

Grand Total: 3217 creatures vanquished

Notes
Turn   | Place    | Note
-------+----------+-------------------------------------------
     0 | D:1      | DogShitOnMyToe the Deep Elf Conjurer began the quest for the Orb.
     0 | D:1      | Reached XP level 1. HP: 10/10 MP: 6/6
    95 | D:1      | Reached XP level 2. HP: 15/15 MP: 2/8
   210 | D:1      | Found a sparkling altar of Nemelex Xobeh.
   368 | D:1      | Reached skill level 5 in Conjurations
   641 | D:2      | Reached XP level 3. HP: 19/19 MP: 0/10
   757 | D:1      | Learned a level 2 spell: Searing Ray
   914 | D:2      | Reached skill level 4 in Spellcasting
  1093 | D:2      | Reached XP level 4. HP: 24/24 MP: 9/12
  1543 | D:3      | Reached skill level 6 in Conjurations
  1571 | D:3      | Reached XP level 5. HP: 28/28 MP: 5/14
  1971 | D:3      | Reached skill level 5 in Spellcasting
  2071 | D:4      | Noticed an ogre
  2082 | D:4      | Killed an ogre
  2082 | D:4      | Reached skill level 7 in Conjurations
  2082 | D:4      | Reached XP level 6. HP: 32/32 MP: 2/16
  2407 | D:4      | HP: 13/32 [orc wizard/magic dart (9)]
  2637 | D:4      | Noticed Eustachio
  2670 | D:4      | Killed Eustachio
  2670 | D:4      | Reached skill level 6 in Spellcasting
  2924 | D:4      | Reached skill level 8 in Conjurations
  2924 | D:4      | Reached XP level 7. HP: 36/36 MP: 14/18
  2950 | D:4      | Noticed Edmund
  2979 | D:4      | HP: 18/36 [Edmund/flail of protection (2)]
  2980 | D:4      | HP: 6/36 [Edmund/flail of protection (12)]
  2987 | D:4      | HP: 10/36 [Edmund/flail of protection (3)]
  2989 | D:4      | Killed Edmund
  3251 | D:4      | Found a runed door.
  3258 | D:4      | Learned a level 4 spell: Iskenderun's Mystic Blast
  3260 | D:4      | Noticed Crazy Yiuf
  3263 | D:4      | Killed Crazy Yiuf
  3623 | D:4      | Reached skill level 7 in Spellcasting
  3640 | D:4      | Noticed Blork the orc
  3644 | D:4      | Killed Blork the orc
  3644 | D:4      | Reached skill level 9 in Conjurations
  3738 | D:5      | Entered Level 5 of the Dungeon
  3776 | D:5      | Found Loanuz's Antique Armour Emporium.
  3963 | D:5      | Reached XP level 8. HP: 40/41 MP: 11/21
  4052 | D:5      | Found a staircase to the Ecumenical Temple.
  4058 | Temple   | Entered the Ecumenical Temple
  4159 | Temple   | Became a worshipper of Sif Muna the Loreminder
  4207 | D:5      | Found an iron altar of Okawaru.
  4241 | D:5      | Got a shimmering hand crossbow
  4242 | D:5      | Identified the cursed +2 hand crossbow of Qudoptu {velocity, +Fly rF+ Dex+3 Stlth+} (You found it on level 5 of the Dungeon)
  4668 | D:6      | Found a radiant altar of Vehumet.
  4767 | D:6      | Reached skill level 8 in Spellcasting
  4777 | D:6      | Reached skill level 10 in Conjurations
  4846 | D:6      | Reached skill level 3 in Dodging
  4920 | D:6      | Reached skill level 4 in Dodging
  5185 | D:6      | Reached skill level 5 in Dodging
  5610 | D:7      | Reached skill level 6 in Dodging
  5785 | D:7      | Noticed DogShitOnMyToe's ghost (novice OgAM)
  5786 | D:7      | DogShitOnMyToe's ghost turns its malevolent gaze towards you.
  5912 | D:7      | DogShitOnMyToe's ghost turns its malevolent gaze towards you.
  5961 | D:7      | HP: 20/41 [DogShitOnMyToe's ghost (15)]
  6172 | D:7      | HP: 20/41 [bullfrog (8)]
  6174 | D:7      | Reached skill level 7 in Dodging
  6254 | D:7      | DogShitOnMyToe's ghost turns its malevolent gaze towards you.
  6259 | D:7      | HP: 18/41 [DogShitOnMyToe's ghost (14)]
  6304 | D:7      | Killed DogShitOnMyToe's ghost
  6304 | D:7      | Reached skill level 9 in Dodging
  6304 | D:7      | Reached XP level 9. HP: 26/45 MP: 9/23
  6789 | D:8      | Reached skill level 1 in Invocations
  6800 | D:8      | Reached skill level 2 in Invocations
  6821 | D:8      | Reached skill level 3 in Invocations
  6895 | D:8      | Reached skill level 4 in Invocations
  7064 | D:8      | Noticed Joseph
  7134 | D:8      | HP: 20/45 [orc wizard/magic dart (7)]
  7140 | D:8      | Found Qixeikana's Antique Weapon Shoppe.
  7475 | D:8      | Reached * piety under Sif Muna
  7482 | D:8      | Reached skill level 11 in Conjurations
  8171 | D:9      | Reached XP level 10. HP: 50/50 MP: 14/24
  8401 | D:9      | Reached skill level 12 in Conjurations
  8800 | D:9      | Reached ** piety under Sif Muna
  9309 | D:9      | Reached skill level 13 in Conjurations
  9323 | D:9      | HP: 25/50 [something (10)]
  9550 | D:10     | Entered Level 10 of the Dungeon
  9550 | D:10     | Noticed Psyche
  9552 | D:10     | Killed Psyche
  9640 | D:10     | Noticed a centaur warrior
  9901 | D:9      | Identified a book of Maledictions
  9921 | D:9      | Found a blossoming altar of Fedhas.
 10206 | D:10     | Noticed Urug
 10207 | D:10     | HP: 21/50 [Urug/javelin (22)]
 10212 | D:10     | HP: 23/75 [Urug/enchanted great sword (1)]
 10217 | D:10     | HP: 2/75 [Urug/javelin (13)]
 10219 | D:10     | Gained mutation: You have a beak for a mouth. [potion of mutation]
 10219 | D:10     | Gained mutation: You are resistant to electric shocks. (rElec) [potion of mutation]
 10225 | D:10     | HP: 15/75 [Urug/enchanted great sword (20)]
 10226 | D:10     | HP: 3/75 [Urug/enchanted great sword (17)]
 10230 | D:10     | Killed Urug
 10230 | D:10     | Reached *** piety under Sif Muna
 10396 | D:10     | Reached skill level 14 in Conjurations
 10549 | D:10     | Killed a centaur warrior
 10563 | D:10     | HP: 22/50 [wyvern zombie (7)]
 11229 | D:10     | Reached XP level 11. HP: 48/54 MP: 11/25
 11316 | D:11     | Found a stormy altar of Qazlal.
 11462 | D:11     | Noticed Snorg
 11698 | D:11     | Noticed a two-headed ogre
 11701 | D:11     | Killed a two-headed ogre
 11701 | D:11     | Reached skill level 5 in Invocations
 11987 | D:11     | Found a staircase to the Lair.
 12020 | D:11     | Reached skill level 6 in Invocations
 12653 | D:11     | Reached skill level 7 in Invocations
 12763 | D:11     | Reached **** piety under Sif Muna
 12786 | D:11     | Found a staircase to the Orcish Mines.
 12987 | D:11     | Killed Snorg
 12987 | D:11     | Reached skill level 15 in Conjurations
 13428 | Lair:1   | Entered Level 1 of the Lair of Beasts
 14300 | Lair:1   | Reached skill level 16 in Conjurations
 14836 | Lair:2   | Noticed mandarbmax's ghost (novice FeEn)
 14837 | Lair:2   | mandarbmax's ghost turns its malevolent gaze towards you.
 14840 | Lair:2   | Killed mandarbmax's ghost
 15342 | Lair:2   | Reached ***** piety under Sif Muna
 15633 | Lair:2   | Identified Sif Muna's Reference Book on Conjuration (Sif Muna gifted it to you on level 2 of the Lair of Beasts)
 15633 | Lair:2   | Received a gift from Sif Muna
 15772 | Lair:2   | Reached XP level 12. HP: 59/59 MP: 1/26
 15814 | Lair:2   | Learned a level 7 spell: Orb of Destruction
 15967 | Lair:2   | Reached skill level 17 in Conjurations
 16402 | Lair:3   | Found the +2 Maxwell's thermic engine {flame, freeze, rF- rC-}
 16494 | Lair:3   | Found a staircase to the Shoals.
 16578 | Lair:3   | Found a labyrinth entrance.
 17190 | Lair:3   | Reached skill level 18 in Conjurations
 17515 | Lair:3   | Noticed a seven-headed hydra
 17688 | Lair:3   | Killed a seven-headed hydra
 18618 | Lair:4   | Noticed a death yak
 18621 | Lair:4   | Noticed an eight-headed hydra
 18631 | Lair:4   | Killed an eight-headed hydra
 18703 | Lair:4   | Reached skill level 19 in Conjurations
 18756 | Lair:4   | Noticed a death yak
 18761 | Lair:4   | Noticed a death yak
 18767 | Lair:4   | Killed a death yak
 18941 | Lair:4   | Noticed a five-headed hydra
 18943 | Lair:4   | Killed a five-headed hydra
 18943 | Lair:4   | Identified Sif Muna's Incunabulum of Combat Magic (Sif Muna gifted it to you on level 4 of the Lair of Beasts)
 18943 | Lair:4   | Received a gift from Sif Muna
 18951 | Lair:4   | Learned a level 5 spell: Fireball
 19160 | Lair:4   | Reached XP level 13. HP: 63/63 MP: 11/27
 19405 | Lair:4   | Found a staircase to the Snake Pit.
 19908 | Lair:4   | HP: 24/63 [acid (11)]
 19974 | Lair:4   | HP: 26/63 [acid (11)]
 20159 | Lair:4   | Reached skill level 20 in Conjurations
 20358 | Lair:4   | HP: 31/63 [acid (11)]
 20845 | Lair:5   | Reached skill level 9 in Spellcasting
 21012 | Lair:5   | Identified a book of the Earth
 21174 | Lair:5   | Reached skill level 10 in Spellcasting
 21215 | Lair:5   | Found a frozen archway.
 21253 | IceCv    | Entered an ice cave
 21256 | IceCv    | Found a transporter.
 21325 | IceCv    | Identified Sif Muna's Almanac of Enchantment and Conjuration (Sif Muna gifted it to you in an ice cave)
 21325 | IceCv    | Received a gift from Sif Muna
 21325 | IceCv    | Reached skill level 11 in Spellcasting
 21800 | Lair:6   | Entered Level 6 of the Lair of Beasts
 21826 | Lair:6   | Reached skill level 12 in Spellcasting
 22520 | Lair:6   | Reached XP level 14. HP: 68/68 MP: 27/32
 22773 | Lair:6   | Reached skill level 21 in Conjurations
 22908 | Lair:6   | Found a staircase to the Slime Pits.
 23543 | Lair:6   | Identified Sif Muna's Collected Works on Snow and Conjuration (Sif Muna gifted it to you on level 6 of the Lair of Beasts)
 23543 | Lair:6   | Received a gift from Sif Muna
 24075 | Snake:1  | Entered Level 1 of the Snake Pit
 24078 | Snake:1  | Reached skill level 1 in Shields
 24081 | Snake:1  | Reached skill level 2 in Shields
 24181 | Snake:1  | Reached skill level 3 in Shields
 24240 | Snake:1  | Reached skill level 4 in Shields
 24314 | Snake:1  | Reached skill level 1 in Fighting
 24474 | Snake:1  | Reached skill level 2 in Fighting
 24479 | Snake:1  | HP: 32/72 [salamander mystic/bolt of magma (19)]
 24490 | Snake:1  | HP: 25/72 [salamander mystic/orb of energy (14)]
 24499 | Snake:1  | Reached skill level 3 in Fighting
 24646 | Snake:1  | Found Suuroed's Book Shop.
 24654 | Snake:1  | Bought a book of Minor Magic for 280 gold pieces
 24657 | Snake:1  | Learned a level 2 spell: Blink
 24658 | Snake:1  | Found Geozxan's Antique Weapon Shop.
 24779 | Snake:1  | Reached skill level 1 in Translocations
 24781 | Snake:1  | Reached skill level 2 in Translocations
 25013 | Snake:1  | Found Nakka's Antique Armour Emporium.
 25019 | Snake:1  | Bought a pair of embroidered gloves for 202 gold pieces
 25212 | Snake:1  | Reached skill level 3 in Translocations
 25318 | Snake:2  | Found Roar Ziu's Food Emporium.
 25434 | Snake:2  | Reached skill level 4 in Fighting
 25607 | Snake:2  | Reached skill level 5 in Fighting
 25607 | Snake:2  | Reached XP level 15. HP: 82/82 MP: 27/33
 25769 | Snake:2  | Identified a scroll of acquirement
 25823 | Snake:2  | Noticed a nagaraja
 25828 | Snake:2  | Killed a nagaraja
 26020 | Snake:3  | Found a shadowy altar of Dithmenos.
 26027 | Snake:3  | Reached skill level 6 in Fighting
 26310 | Snake:3  | Noticed a nagaraja
 26313 | Snake:3  | Killed a nagaraja
 26340 | Snake:3  | Reached skill level 13 in Spellcasting
 26441 | Snake:3  | Noticed a nagaraja
 26443 | Snake:3  | Killed a nagaraja
 26445 | Snake:3  | Identified Sif Muna's Guide on Dislocated Battle Magic (Sif Muna gifted it to you on level 3 of the Snake Pit)
 26445 | Snake:3  | Received a gift from Sif Muna
 26454 | Snake:3  | Learned a level 6 spell: Bolt of Cold
 26463 | Snake:3  | Reached skill level 14 in Spellcasting
 27229 | Snake:3  | Reached skill level 15 in Spellcasting
 27404 | Snake:4  | Entered Level 4 of the Snake Pit
 27519 | Snake:4  | Reached skill level 22 in Conjurations
 28168 | Snake:4  | Identified a book of Ice (Sif Muna gifted it to you on level 4 of the Snake Pit)
 28168 | Snake:4  | Received a gift from Sif Muna
 28464 | Snake:4  | Learned a level 6 spell: Freezing Cloud
 28495 | Snake:4  | Reached skill level 1 in Ice Magic
 28498 | Snake:4  | Noticed a nagaraja
 28504 | Snake:4  | Killed a nagaraja
 28504 | Snake:4  | Reached skill level 2 in Ice Magic
 28578 | Snake:4  | Noticed a nagaraja
 28582 | Snake:4  | Killed a nagaraja
 28582 | Snake:4  | Reached skill level 3 in Ice Magic
 28582 | Snake:4  | Reached XP level 16. HP: 82/88 MP: 17/37
 28700 | Snake:4  | Reached skill level 4 in Ice Magic
 28818 | Snake:4  | Reached skill level 5 in Ice Magic
 28966 | Snake:4  | Reached skill level 6 in Ice Magic
 29142 | Snake:4  | Reached skill level 7 in Ice Magic
 29411 | Snake:4  | Reached skill level 8 in Ice Magic
 29618 | Snake:4  | Reached skill level 9 in Ice Magic
 29725 | Snake:4  | Got a serpentine rune of Zot
 29823 | Snake:4  | HP: 44/88 [naga sharpshooter/bolt (24)]
 30001 | Lair:4   | Learned a level 9 spell: Glaciate
 30234 | D:5      | Bought a runed scarf for 224 gold pieces
 30626 | Orc:1    | Entered Level 1 of the Orcish Mines
 30786 | Orc:1    | Identified Lehudib's Compendium of Attacks (Sif Muna gifted it to you on level 1 of the Orcish Mines)
 30786 | Orc:1    | Received a gift from Sif Muna
 30844 | Orc:1    | Found Qaufot's Distillery.
 30949 | Orc:2    | Entered Level 2 of the Orcish Mines
 31136 | Orc:2    | Found Hippusof's Book Emporium.
 31142 | Orc:2    | Found Efilat's Weapon Shop.
 31145 | Orc:2    | Reached skill level 10 in Ice Magic
 31344 | Orc:2    | Found a roughly hewn altar of Beogh.
 31462 | Orc:2    | Found Owuakh's Assorted Antiques.
 31462 | Orc:2    | Found Iseisuge's Jewellery Shop.
 31591 | Orc:2    | Bought a pair of scorched boots for 294 gold pieces
 31591 | Orc:2    | Identified the +2 pair of boots "Azoukuj" {*Slow MR+ Dex+8 SInv} (You bought it in a shop on level 2 of the Orcish Mines)
 31838 | Orc:2    | Found a staircase to the Elven Halls.
 32502 | Shoals:1 | Entered Level 1 of the Shoals
 32511 | Shoals:1 | HP: 31/88 [cyclops/large rock (36)]
 32512 | Shoals:1 | Reached skill level 11 in Ice Magic
 32933 | Shoals:4 | Entered Level 4 of the Shoals
 32933 | Shoals:4 | Noticed Louise
 32944 | Shoals:4 | Reached skill level 12 in Ice Magic
 32949 | Shoals:4 | Noticed Ilsuiw
 32955 | Shoals:4 | Cast into level 3 of the Abyss (Louise)
 33091 | Shoals:4 | Escaped the Abyss
 33486 | Shoals:4 | Identified a paperback manual (Sif Muna gifted it to you on level 4 of the Shoals)
 33486 | Shoals:4 | Received a gift from Sif Muna
 33527 | Shoals:4 | Killed Louise
 33527 | Shoals:4 | Reached skill level 13 in Ice Magic
 33626 | Shoals:4 | Reached XP level 17. HP: 71/93 MP: 2/38
 33829 | Shoals:4 | HP: 43/93 [merfolk javelineer/steel javelin (16)]
 33963 | Shoals:4 | HP: 42/93 [merfolk javelineer/javelin of penetration (25)]
 34054 | Shoals:4 | Reached skill level 14 in Ice Magic
 34299 | Shoals:4 | Found Luropt's Distillery.
 34349 | Shoals:4 | HP: 40/93 [merfolk/tomahawk of dispersal (9)]
 34363 | Shoals:4 | HP: 33/93 [merfolk/tomahawk (9)]
 34574 | Shoals:4 | Killed Ilsuiw
 34577 | Shoals:4 | Reached ****** piety under Sif Muna
 34690 | Shoals:4 | HP: 45/93 [merfolk/stone (17)]
 35007 | Shoals:4 | Reached skill level 15 in Ice Magic
 35286 | Shoals:4 | Got a barnacled rune of Zot
 36259 | Shoals:3 | Identified a book of Spatial Translocations (Sif Muna gifted it to you on level 3 of the Shoals)
 36259 | Shoals:3 | Received a gift from Sif Muna
 36370 | Shoals:2 | HP: 45/93 [cyclops/large rock (32)]
 36399 | Shoals:2 | Noticed Polyphemus
 36410 | Shoals:2 | Killed Polyphemus
 36414 | Shoals:2 | Reached skill level 16 in Ice Magic
 37202 | Shoals:2 | HP: 38/93 [merfolk/tomahawk (14)]
 37531 | Shoals:1 | Reached skill level 17 in Ice Magic
 37927 | D:12     | Found an opulent altar of Gozag.
 38097 | D:12     | Found a bloodstained altar of Trog.
 38274 | D:12     | Noticed XxsatanxX's ghost (journeyman HOBe)
 38274 | D:12     | XxsatanxX's ghost turns its malevolent gaze towards you.
 38278 | D:12     | Killed XxsatanxX's ghost
 38506 | D:12     | Found an opulent altar of Gozag.
 38828 | D:13     | Identified a book of Air (Sif Muna gifted it to you on level 13 of the Dungeon)
 38828 | D:13     | Received a gift from Sif Muna
 38871 | D:13     | Found Jigok's Weapon Shoppe.
 38920 | D:13     | HP: 44/93 [centaur/arrow[a centaur warrior] (4)]
 38931 | D:13     | Reached XP level 18. HP: 51/98 MP: 2/39
 38938 | D:13     | HP: 47/98 [centaur/arrow[a centaur warrior] (4)]
 39245 | D:13     | Found a shimmering altar of Xom.
 39245 | D:13     | Found a shimmering altar of Xom.
 39245 | D:13     | Found a shimmering altar of Xom.
 39247 | D:13     | Found a shimmering altar of Xom.
 39310 | D:13     | Found a shimmering altar of Xom.
 39319 | D:13     | Identified the Compendium of the Glacier
 39551 | D:13     | Found a gate to the Vaults.
 39872 | D:13     | Found a shimmering altar of Xom.
 40103 | D:14     | Noticed willcat's ghost (journeyman FeAK)
 40103 | D:14     | willcat's ghost turns its malevolent gaze towards you.
 40123 | D:14     | Reached skill level 18 in Ice Magic
 40289 | D:14     | Killed willcat's ghost
 40293 | D:14     | Noticed HilariousDeathArtist's ghost (journeyman FeAK)
 40567 | D:14     | Killed HilariousDeathArtist's ghost
 40833 | D:15     | Entered Level 15 of the Dungeon
 41446 | D:15     | Found a staircase to the Depths.
 41903 | D:15     | Reached skill level 19 in Ice Magic
 41911 | D:15     | Found a roughly hewn altar of Beogh.
 41913 | D:15     | Identified Sif Muna's Grimoire of Twisted Orientation (Sif Muna gifted it to you on level 15 of the Dungeon)
 41913 | D:15     | Received a gift from Sif Muna
 42246 | D:15     | Found Xeorgh's Gadget Emporium.
 42395 | Vaults:1 | Entered Level 1 of the Vaults
 43059 | Vaults:1 | Reached skill level 20 in Ice Magic
 43582 | Vaults:1 | Learned a level 6 spell: Simulacrum
 43995 | Vaults:1 | Identified Dispater's Compendium of Conjuration and the Rocks (Sif Muna gifted it to you on level 1 of the Vaults)
 43995 | Vaults:1 | Received a gift from Sif Muna
 44264 | Vaults:1 | Reached XP level 19. HP: 103/103 MP: 16/40
 44694 | Vaults:2 | Reached skill level 21 in Ice Magic
 44889 | Vaults:2 | Found a shattered altar of Ashenzari.
 45230 | Vaults:2 | HP: 46/103 [yaktaur captain/bolt (30)]
 45238 | Vaults:2 | HP: 32/103 [yaktaur/bolt[a yaktaur captain] (16)]
 46432 | Vaults:3 | Noticed Donald
 46441 | Vaults:3 | Killed Donald
 46563 | Vaults:3 | Reached skill level 22 in Ice Magic
 46695 | Vaults:3 | HP: 40/103 [deep elf knight/shard of ice[an ironheart preserver] (27)]
 46793 | Vaults:3 | Noticed Aizul
 46798 | Vaults:3 | Killed Aizul
 46842 | Vaults:3 | HP: 37/103 [yaktaur captain/bolt (25)]
 46845 | Vaults:3 | HP: 9/103 [yaktaur captain/bolt (24)]
 46845 | Vaults:3 | HP: 1/103 [yaktaur captain/bolt (8)]
 47043 | Vaults:3 | Identified Sif Muna's Handbook of the Glacier and Unholy Rituals (Sif Muna gifted it to you on level 3 of the Vaults)
 47043 | Vaults:3 | Received a gift from Sif Muna
 47758 | Vaults:3 | HP: 46/103 [ice dragon/blast of cold (57)]
 48025 | Vaults:3 | Reached skill level 23 in Conjurations
 48444 | Vaults:3 | Learned a level 2 spell: Shroud of Golubria
 48617 | Vaults:3 | Noticed Frederick
 48625 | Vaults:3 | Killed Frederick
 48625 | Vaults:3 | Reached XP level 20. HP: 108/108 MP: 23/41
 48764 | Vaults:3 | Identified Sif Muna's Reference Book on Supportive Darkness (Sif Muna gifted it to you on level 3 of the Vaults)
 48764 | Vaults:3 | Received a gift from Sif Muna
 48799 | Vaults:3 | Found Jomurioxi's General Store.
 48833 | Vaults:3 | Reached skill level 23 in Ice Magic
 48992 | Vaults:3 | Found a staircase to the Crypt.
 50553 | Vaults:4 | Identified a book of Misfortune (Sif Muna gifted it to you on level 4 of the Vaults)
 50553 | Vaults:4 | Received a gift from Sif Muna
 50602 | Vaults:4 | Reached skill level 24 in Conjurations
 51979 | Vaults:5 | Entered Level 5 of the Vaults
 51980 | Vaults:5 | Reached skill level 24 in Ice Magic
 51984 | Vaults:5 | Identified Sif Muna's Collected Works on Summoning and the Birds (Sif Muna gifted it to you on level 5 of the Vaults)
 51984 | Vaults:5 | Received a gift from Sif Muna
 51984 | Vaults:5 | Reached XP level 21. HP: 72/112 MP: 17/42
 51985 | Vaults:5 | Noticed a golden dragon
 52193 | Vaults:5 | HP: 39/112 [ettin/dire flail (41)]
 52220 | Vaults:5 | HP: 38/112 [quicksilver dragon/bolt of dispelling energy (38)]
 52245 | Vaults:5 | Killed a golden dragon
 52268 | Vaults:5 | HP: 28/112 [fire giant/bolt of fire (47)]
 52271 | Vaults:5 | Found the -2 hat of the Alchemist {rElec rPois rF+ rC+ rN+ MR+ rMut rCorr}
 52277 | Vaults:5 | Found the ring of the Octopus King
 52280 | Vaults:5 | HP: 42/112 [deep elf elementalist/freezing blast (20)]
 52291 | Vaults:5 | HP: 46/112 [orc warlord/bolt (14)]
 52305 | Vaults:5 | HP: 27/112 [fire giant/fireball (48)]
 52307 | Vaults:5 | HP: 13/112 [deep elf high priest/divine providence (15)]
 52401 | Vaults:5 | Got a steaming bronze amulet
 52402 | Vaults:5 | Identified the amulet of Cul Kef {Spirit Str+2 Int+2 Dex+4} (You acquired it on level 5 of the Vaults)
 52587 | Vaults:5 | Reached skill level 1 in Necromancy
 52722 | Vaults:5 | Reached skill level 2 in Necromancy
 52843 | Vaults:5 | Reached skill level 3 in Necromancy
 52926 | Vaults:5 | Reached skill level 4 in Necromancy
 53031 | Vaults:5 | HP: 49/112 [war gargoyle/spray of metal splinters (47)]
 53183 | Vaults:5 | Identified Wuib's Compendium of the Rocks and Evil Secrets (Sif Muna gifted it to you on level 5 of the Vaults)
 53183 | Vaults:5 | Received a gift from Sif Muna
 53183 | Vaults:5 | Reached skill level 5 in Necromancy
 53260 | Vaults:5 | Got a crude brass ring
 53320 | Vaults:5 | Reached skill level 16 in Spellcasting
 53383 | Vaults:5 | Reached skill level 6 in Necromancy
 53402 | Vaults:5 | Noticed RepHenryClay's ghost (veteran DECj)
 53402 | Vaults:5 | RepHenryClay's ghost turns its malevolent gaze towards you.
 53406 | Vaults:5 | Killed RepHenryClay's ghost
 53533 | Vaults:5 | Noticed an ancient lich
 53534 | Vaults:5 | Reached skill level 7 in Necromancy
 53555 | Vaults:5 | Killed an ancient lich
 53646 | Vaults:5 | Reached skill level 8 in Necromancy
 53862 | Vaults:5 | Reached skill level 17 in Spellcasting
 53869 | Vaults:5 | Reached XP level 22. HP: 80/117 MP: 26/45
 53989 | Vaults:5 | Reached skill level 9 in Necromancy
 54033 | Vaults:5 | Identified the Reference Book on Sinister Magic and Lightness
 54041 | Vaults:5 | Identified the ring "Xerrue Quwn" {AC+3 Str+3 Int+4} (You took it off a yaktaur captain on level 5 of the Vaults)
 54057 | Vaults:5 | Got a ring of the Octopus King
 54085 | Vaults:5 | Noticed Boris
 54092 | Vaults:5 | Killed Boris
 54152 | Vaults:5 | Identified a ring of the Octopus King {rCorr AC+1 EV+1 Str+1 Int+1 Dex+1} (You found it on level 5 of the Vaults)
 54168 | Vaults:5 | Learned a level 5 spell: Borgnjor's Vile Clutch
 54519 | Vaults:5 | Identified Sif Muna's Catalogue of Sinister Arts (Sif Muna gifted it to you on level 5 of the Vaults)
 54519 | Vaults:5 | Received a gift from Sif Muna
 54613 | Vaults:5 | Reached skill level 10 in Necromancy
 54762 | Vaults:5 | Learned a level 2 spell: Passwall
 54907 | Vaults:5 | Noticed a golden dragon
 54914 | Vaults:5 | Killed a golden dragon
 55025 | Vaults:5 | Got a silver rune of Zot
 55172 | Vaults:5 | Reached skill level 18 in Spellcasting
 55340 | Vaults:5 | Noticed an ancient lich
 55343 | Vaults:5 | Killed an ancient lich
 55343 | Vaults:5 | Reached skill level 11 in Necromancy
 55380 | Vaults:5 | Identified the Almanac of Yeast
 55594 | Vaults:5 | Identified a book of Fire
 56027 | Vaults:3 | Bought 2 potions of mutation for 288 gold pieces
 56179 | Depths:1 | Entered Level 1 of the Depths
 56244 | Depths:1 | Learned a level 6 spell: Deflect Missiles
 56276 | Depths:1 | Reached skill level 1 in Charms
 56475 | Depths:1 | Reached skill level 2 in Charms
 56494 | Depths:1 | Reached skill level 3 in Charms
 56566 | Depths:1 | Reached skill level 4 in Charms
 56648 | Depths:1 | Reached skill level 5 in Charms
 56778 | Depths:1 | Received a gift from Sif Muna
 56781 | Depths:1 | Identified Fynuz's Catalogue of Glacial Aid (Sif Muna gifted it to you on level 1 of the Depths)
 56905 | Depths:1 | Reached skill level 6 in Charms
 57098 | Depths:1 | Found a one-way gate to the infinite horrors of the Abyss.
 57283 | Depths:1 | Found a gateway to Hell.
 57544 | Depths:2 | Reached skill level 12 in Necromancy
 57590 | Depths:2 | Identified a book of Changes
 58106 | Depths:2 | Reached skill level 13 in Necromancy
 58417 | Depths:2 | Reached skill level 14 in Necromancy
 58450 | Depths:2 | Reached skill level 1 in Transmutations
 58642 | Depths:2 | Got a fine lapis lazuli ring
 58643 | Depths:2 | Identified the ring of Xom's Full Attention {rCorr Dex+4} (You found it on level 2 of the Depths)
 58689 | Depths:2 | Reached skill level 2 in Transmutations
 58752 | Depths:2 | Reached skill level 3 in Transmutations
 58770 | Depths:2 | Reached skill level 4 in Transmutations
 58885 | Depths:2 | Identified Sif Muna's Almanac of Fetching Displacement (Sif Muna gifted it to you on level 2 of the Depths)
 58885 | Depths:2 | Received a gift from Sif Muna
 58888 | Depths:2 | Reached skill level 5 in Transmutations
 59195 | Depths:2 | Got a pair of fine gloves
 59196 | Depths:2 | Identified the +1 pair of gloves of Lies {*Slow rPois rN+ MP+9} (You found it on level 2 of the Depths)
 59201 | Depths:2 | Identified the Collected Works on Frigorific Summoning
 59438 | Depths:3 | Noticed Xtahua
 59443 | Depths:3 | Killed Xtahua
 59443 | Depths:3 | Reached skill level 6 in Transmutations
 59482 | Depths:3 | Reached skill level 7 in Transmutations
 59525 | Depths:2 | Reached XP level 23. HP: 121/121 MP: 33/47
 59566 | Depths:3 | Found a portal to a secret trove of treasure.
 59580 | Depths:3 | Found a one-way gate leading to the halls of Pandemonium.
 59582 | Depths:3 | Identified a book of Alchemy
 59613 | Depths:3 | Reached skill level 8 in Transmutations
 59745 | Depths:3 | Reached skill level 9 in Transmutations
 59870 | Depths:3 | Reached skill level 10 in Transmutations
 59919 | Depths:3 | Noticed Saint Roka
 59939 | Depths:3 | Killed Saint Roka
 59939 | Depths:3 | Reached skill level 11 in Transmutations
 60026 | Depths:3 | Found a gateway to a ziggurat.
 60156 | Depths:3 | Found the +6 Majin-Bo {vamp, Archmagi MP+6 Int+6}
 60183 | Depths:3 | Identified a book of Cantrips
 60187 | Depths:3 | Learned a level 1 spell: Apportation
 60332 | Depths:4 | Identified a book of Frost (Sif Muna gifted it to you on level 4 of the Depths)
 60332 | Depths:4 | Received a gift from Sif Muna
 60332 | Depths:4 | Reached skill level 12 in Transmutations
 60526 | Depths:4 | Reached skill level 13 in Transmutations
 60735 | Depths:4 | Reached skill level 14 in Transmutations
 61477 | Depths:4 | Identified Sif Muna's Guide on Summoning and Conjuration (Sif Muna gifted it to you on level 4 of the Depths)
 61477 | Depths:4 | Received a gift from Sif Muna
 61525 | Depths:4 | Noticed Asterion
 61530 | Depths:4 | Killed Asterion
 61532 | Depths:4 | Reached skill level 15 in Transmutations
 62152 | Depths:4 | Identified a book of the Warp
 62340 | Depths:4 | Reached skill level 15 in Necromancy
 62407 | Depths:5 | Entered Level 5 of the Depths
 62450 | Depths:5 | Noticed a caustic shrike
 62454 | Depths:5 | Killed a caustic shrike
 62458 | Depths:5 | Noticed a caustic shrike
 62620 | Depths:5 | Noticed a caustic shrike
 62641 | Depths:5 | Killed a caustic shrike
 62662 | Depths:5 | Killed a caustic shrike
 62699 | Depths:5 | Noticed Boris
 62924 | Depths:5 | Killed Boris
 62924 | Depths:5 | Received a gift from Sif Muna
 62924 | Depths:5 | Reached skill level 16 in Necromancy
 62924 | Depths:5 | Reached skill level 16 in Transmutations
 62925 | Depths:5 | Identified Sif Muna's Handbook of Mutagenic Snow (Sif Muna gifted it to you on level 5 of the Depths)
 62925 | Depths:5 | Identified Sif Muna's Handbook of Mutagenic Snow (Sif Muna gifted it to you on level 5 of the Depths)
 62934 | Depths:5 | Learned a level 8 spell: Necromutation
 62938 | Depths:5 | Identified Sif Muna's Handbook of Mutagenic Snow (Sif Muna gifted it to you on level 5 of the Depths)
 63053 | Depths:5 | Reached XP level 24. HP: 111/127 MP: 28/47
 63123 | Depths:5 | Reached skill level 4 in Translocations
 63190 | Depths:5 | Reached skill level 5 in Translocations
 63216 | Depths:5 | Reached skill level 6 in Translocations
 63340 | Depths:5 | Found a gate to the Realm of Zot.
 63400 | Depths:5 | Reached skill level 7 in Translocations
 63580 | Depths:5 | Reached skill level 8 in Translocations
 63666 | Depths:5 | Found Esuubluo's Food Shop.
 63783 | Depths:5 | Reached skill level 9 in Translocations
 63893 | Depths:5 | Noticed a juggernaut
 64160 | Depths:5 | Found a shattered altar of Ashenzari.
 64343 | Depths:5 | Identified a book of Death (Sif Muna gifted it to you on level 5 of the Depths)
 64343 | Depths:5 | Received a gift from Sif Muna
 64343 | Depths:5 | Reached skill level 10 in Translocations
 64482 | Depths:5 | HP: 61/127 [juggernaut (66)]
 64486 | Depths:5 | Killed a juggernaut
 64691 | Depths:5 | Reached skill level 11 in Translocations
 64743 | Depths:5 | Found a runed door.
 64770 | Depths:5 | Found a radiant altar of Vehumet.
 64770 | Depths:5 | Noticed an ancient lich
 64773 | Depths:5 | Killed an ancient lich
 64773 | Depths:5 | Reached skill level 12 in Translocations
 64801 | Depths:5 | Identified Cumi Kyi's Papyrus of Attacks
 64808 | Depths:5 | Identified a book of Annihilations
 65186 | Elf:1    | Entered Level 1 of the Elven Halls
 65517 | Elf:1    | Found Gywkuc's Distillery.
 65528 | Elf:1    | Bought a potion of brilliance for 48 gold pieces
 65528 | Elf:1    | Bought a potion of agility for 48 gold pieces
 65528 | Elf:1    | Bought a potion of resistance for 120 gold pieces
 65528 | Elf:1    | Bought a potion of curing for 36 gold pieces
 65528 | Elf:1    | Bought a potion of lignification for 36 gold pieces
 65528 | Elf:1    | Bought a potion of curing for 36 gold pieces
 65528 | Elf:1    | Bought a potion of agility for 48 gold pieces
 65528 | Elf:1    | Bought a potion of heal wounds for 60 gold pieces
 65715 | Elf:1    | Reached skill level 13 in Translocations
 65728 | Elf:1    | Learned a level 8 spell: Controlled Blink
 65822 | Elf:1    | Identified the Incunabulum of Aerial Ignition
 66082 | Elf:1    | Found Mal Geci's Jewellery Shop.
 66083 | Elf:1    | Found Voipruqyg's Gadget Shoppe.
 66085 | Elf:1    | Found Joathemurgh's Jewellery Shop.
 66094 | Elf:1    | Bought the ring "Yghait" {rCorr rElec rF+++ rC- Stlth-} for 848 gold pieces
 66340 | Elf:2    | Identified Sif Muna's Compendium of Frigorific Displacement (Sif Muna gifted it to you on level 2 of the Elven Halls)
 66340 | Elf:2    | Received a gift from Sif Muna
 66393 | Elf:2    | Found a runed gate.
 66393 | Elf:2    | Found a runed gate.
 66403 | Elf:2    | Found a runed gate.
 66414 | Elf:2    | Reached skill level 14 in Translocations
 66679 | Elf:2    | Found Rath's Gadget Boutique.
 67040 | Elf:2    | Reached skill level 15 in Translocations
 67204 | Elf:2    | Reached XP level 25. HP: 131/131 MP: 41/47
 67493 | Elf:3    | Entered Level 3 of the Elven Halls
 67708 | Elf:3    | Found Yvyod's Armour Shoppe.
 67804 | Elf:3    | Identified Sif Muna's Collected Works on Congealing Feathers (Sif Muna gifted it to you on level 3 of the Elven Halls)
 67804 | Elf:3    | Received a gift from Sif Muna
 67929 | Elf:3    | Reached skill level 16 in Translocations
 68028 | Elf:3    | Reached skill level 10 in Dodging
 68145 | Elf:3    | Reached skill level 11 in Dodging
 68286 | Elf:3    | Reached skill level 12 in Dodging
 68453 | Elf:3    | Got a flickering diamond amulet
 68462 | Elf:3    | Reached skill level 13 in Dodging
 68486 | Elf:3    | Found the +5 pair of quick blades "Gyre" and "Gimble" {pierce, Dex-3}
 68488 | Elf:3    | Identified a book of Debilitation
 68499 | Elf:3    | Got a faintly glowing glass ring
 68502 | Elf:3    | Identified the amulet "Quujut" {RegenMP SInv} (You took it off a deep elf annihilator on level 3 of the Elven Halls)
 68506 | Elf:3    | Identified the ring "Vagraojo" {+Blink rPois rC+++ Int+3 Dex-4} (You found it on level 3 of the Elven Halls)
 68583 | Elf:3    | Identified a book of the Tempests
 68593 | Elf:3    | Identified the Catalogue of Confrontation and Weightlessness
 68596 | Elf:3    | Identified the Grimoire of Twisted Poison
 68641 | Elf:3    | Got a translucent hat
 68646 | Elf:3    | Identified the Catalogue of Destiny
 68830 | Elf:3    | Identified the +2 hat of Docoeric {rPois Dex+8} (You found it on level 3 of the Elven Halls)
 69429 | Zig:1    | Entered Level 1 of a ziggurat
 69447 | Zig:2    | Entered Level 2 of a ziggurat
 69480 | Zig:3    | Entered Level 3 of a ziggurat
 69499 | Zig:4    | Entered Level 4 of a ziggurat
 69499 | Zig:4    | Found the +2 hat of the Bear Spirit {Spirit, +Rage rN+ MR++}
 69508 | Zig:4    | Reached skill level 14 in Dodging
 69617 | Zig:5    | Entered Level 5 of a ziggurat
 69666 | Zig:6    | Entered Level 6 of a ziggurat
 69678 | Zig:6    | Reached skill level 15 in Dodging
 69693 | Zig:6    | Identified the Handbook of Curses and Protection
 69709 | Zig:6    | Got a fine hat
 69710 | Zig:6    | Identified the +0 hat "Dull" {MR+ Str+7 Int-2} (You acquired it on level 6 of a ziggurat)
 69729 | Zig:7    | Entered Level 7 of a ziggurat
 69745 | Zig:7    | Got a transparent iron ring
 69746 | Zig:7    | Identified the ring "Wukievu" {+Fly rElec rPois} (You found it on level 7 of a ziggurat)
 69777 | Zig:8    | Entered Level 8 of a ziggurat
 69782 | Zig:8    | Noticed Liq Qax the pandemonium lord
 69785 | Zig:8    | Reached skill level 16 in Dodging
 69787 | Zig:8    | Killed Liq Qax the pandemonium lord
 69917 | Zig:8    | Learned a level 8 spell: Borgnjor's Revivification
 69921 | Zig:9    | Entered Level 9 of a ziggurat
 69926 | Zig:9    | Noticed a shard shrike
 69927 | Zig:9    | Noticed a shard shrike
 69930 | Zig:9    | Killed a shard shrike
 69930 | Zig:9    | Reached skill level 7 in Fighting
 69933 | Zig:9    | Killed a shard shrike
 69936 | Zig:9    | Reached skill level 8 in Fighting
 70067 | Zig:10   | Entered Level 10 of a ziggurat
 70154 | Zig:10   | Reached skill level 9 in Fighting
 70154 | Zig:10   | Reached XP level 26. HP: 120/144 MP: 21/47
 70281 | Zig:11   | Entered Level 11 of a ziggurat
 70293 | Zig:11   | Found the +0 sword of Power
 70300 | Zig:11   | Received a gift from Sif Muna
 70318 | Zig:11   | Identified a book of Clouds
 70393 | Zig:12   | Entered Level 12 of a ziggurat
 70402 | Zig:12   | Reached skill level 17 in Necromancy
 70542 | Zig:13   | Entered Level 13 of a ziggurat
 70552 | Zig:13   | Reached skill level 1 in Earth Magic
 70552 | Zig:13   | Reached skill level 2 in Earth Magic
 70553 | Zig:13   | Reached skill level 3 in Earth Magic
 70556 | Zig:13   | Reached skill level 4 in Earth Magic
 70556 | Zig:13   | Reached skill level 5 in Earth Magic
 70562 | Zig:13   | Reached skill level 6 in Earth Magic
 70562 | Zig:13   | Received a gift from Sif Muna
 70787 | Zig:13   | Got a glittering sapphire amulet
 70788 | Zig:13   | Identified the amulet of Liop Ole {RegenMP *Drain Str+3 Dex+4} (You found it on level 13 of a ziggurat)
 70798 | Zig:13   | Got a bound silver amulet
 70799 | Zig:13   | Identified the amulet of the Shining One's Envy {Inacc rC+} (You found it on level 13 of a ziggurat)
 70805 | Zig:13   | Got a transparent robe
 70810 | Zig:14   | Entered Level 14 of a ziggurat
 70818 | Zig:14   | Noticed a juggernaut
 70818 | Zig:14   | Noticed a juggernaut
 70822 | Zig:14   | Noticed a juggernaut
 70823 | Zig:14   | Reached skill level 7 in Earth Magic
 70826 | Zig:14   | Killed a juggernaut
 70826 | Zig:14   | Reached skill level 8 in Earth Magic
 70831 | Zig:14   | Killed a juggernaut
 70842 | Zig:14   | Killed a juggernaut
 70844 | Zig:14   | Reached skill level 10 in Fighting
 70869 | Zig:14   | HP: 54/147 [titan/the air (26)]
 71032 | Zig:14   | Identified the Compendium of Changing and Dislocation
 71074 | Zig:15   | Entered Level 15 of a ziggurat
 71091 | Zig:15   | Reached skill level 17 in Dodging
 71120 | Zig:15   | Got a crude tin amulet
 71166 | Zig:16   | Entered Level 16 of a ziggurat
 71193 | Zig:16   | Reached skill level 11 in Fighting
 71211 | Zig:16   | Reached XP level 27. HP: 111/155 MP: 20/47
 71227 | Zig:16   | Reached skill level 18 in Dodging
 71285 | Zig:16   | Reached skill level 9 in Invocations
 71286 | Zig:16   | Reached skill level 10 in Invocations
 71293 | Zig:16   | Identified the amulet "Ladeto" {Spirit *Corrode rElec rPois SInv} (You found it on level 15 of a ziggurat)
 71318 | Zig:17   | Entered Level 17 of a ziggurat
 71333 | Zig:17   | Noticed Asoqabaf the pandemonium lord
 71334 | Zig:17   | Noticed Nietalef the pandemonium lord
 71335 | Zig:17   | Noticed Qephest the pandemonium lord
 71337 | Zig:17   | Noticed Kefytask the pandemonium lord
 71339 | Zig:17   | Noticed Nolloot the pandemonium lord
 71351 | Zig:17   | Killed Asoqabaf the pandemonium lord
 71351 | Zig:17   | Reached skill level 12 in Fighting
 71355 | Zig:17   | Noticed Hufeckie the pandemonium lord
 71355 | Zig:17   | Killed Nietalef the pandemonium lord
 71360 | Zig:17   | Killed Nolloot the pandemonium lord
 71360 | Zig:17   | Reached skill level 19 in Dodging
 71360 | Zig:17   | Killed Qephest the pandemonium lord
 71364 | Zig:17   | Killed Kefytask the pandemonium lord
 71364 | Zig:17   | Killed Hufeckie the pandemonium lord
 71463 | Zig:17   | Found the shadowed robe
 71469 | Zig:17   | Got an ancient platinum ring
 71473 | Zig:17   | Got a wavering turquoise ring
 71482 | Zig:17   | Got a pair of spiked gloves
 71501 | Zig:17   | Got a pair of smoking gloves
 71514 | Zig:17   | Identified the +0 pair of gloves of Good Intentions {Int+4} (You found it on level 17 of a ziggurat)
 71525 | Zig:17   | Identified the +2 pair of gloves "Rokan" {rPois rF- Str+9} (You acquired it on level 17 of a ziggurat)
 71544 | Zig:17   | Identified the ring of Foorakhla {rElec rF+ Stlth-} (You found it on level 17 of a ziggurat)
 71546 | Zig:17   | Identified the ring "Guplytazel" {*Slow rF++ Str+3} (You found it on level 17 of a ziggurat)
 71567 | Zig:18   | Entered Level 18 of a ziggurat
 71590 | Zig:18   | Reached skill level 13 in Fighting
 71597 | Zig:18   | Reached skill level 20 in Dodging
 71634 | Zig:18   | Identified a book of Dreams
 71639 | Zig:18   | Identified a Young Poisoner's Handbook
 71657 | Zig:18   | Identified a book of Enchantments
 71661 | Zig:18   | Got a faintly glowing golden ring
 71685 | Zig:19   | Entered Level 19 of a ziggurat
 71701 | Zig:19   | Noticed a greater mummy
 71702 | Zig:19   | Noticed a greater mummy
 71703 | Zig:19   | Noticed a greater mummy
 71705 | Zig:19   | Noticed a greater mummy
 71705 | Zig:19   | Noticed a greater mummy
 71706 | Zig:19   | Noticed a greater mummy
 71706 | Zig:19   | Noticed a greater mummy
 71706 | Zig:19   | Noticed a greater mummy
 71707 | Zig:19   | Identified Holeco Viff's Reference Book on Execration and Displacement (Sif Muna gifted it to you on level 19 of a ziggurat)
 71707 | Zig:19   | Received a gift from Sif Muna
 71707 | Zig:19   | Reached skill level 7 in Charms
 71709 | Zig:19   | Killed a greater mummy
 71709 | Zig:19   | Reached skill level 8 in Charms
 71710 | Zig:19   | Noticed a greater mummy
 71710 | Zig:19   | Killed a greater mummy
 71710 | Zig:19   | Reached skill level 9 in Charms
 71710 | Zig:19   | Killed a greater mummy
 71710 | Zig:19   | Reached skill level 10 in Charms
 71711 | Zig:19   | Killed a greater mummy
 71711 | Zig:19   | Reached skill level 11 in Charms
 71711 | Zig:19   | Killed a greater mummy
 71712 | Zig:19   | Noticed a greater mummy
 71712 | Zig:19   | Noticed a greater mummy
 71715 | Zig:19   | Killed a greater mummy
 71715 | Zig:19   | Reached skill level 12 in Charms
 71715 | Zig:19   | Killed a greater mummy
 71715 | Zig:19   | Reached skill level 13 in Charms
 71743 | Zig:19   | Noticed a greater mummy
 71751 | Zig:19   | Killed a greater mummy
 71758 | Zig:19   | Identified Ecocveuf's Tome of Thrice Damned Blessings (Sif Muna gifted it to you on level 19 of a ziggurat)
 71758 | Zig:19   | Received a gift from Sif Muna
 71770 | Zig:19   | Killed a greater mummy
 71770 | Zig:19   | Reached skill level 14 in Charms
 71770 | Zig:19   | Killed a greater mummy
 71772 | Zig:19   | Killed a greater mummy
 71772 | Zig:19   | Reached skill level 15 in Charms
 71772 | Zig:19   | Killed a greater mummy
 71870 | Zig:19   | Identified a Grand Grimoire
 71888 | Zig:19   | Got a brightly glowing silver ring
 71919 | Zig:19   | Identified Sif Muna's Guide on Displaced Weightlessness
 71959 | Zig:20   | Entered Level 20 of a ziggurat
 71972 | Zig:20   | Noticed 0nlyMegaZig's ghost (legendary DsFE)
 71972 | Zig:20   | 0nlyMegaZig's ghost turns its malevolent gaze towards you.
 71990 | Zig:20   | HP: 46/160 [0nlyMegaZig's ghost/great icy blast (71)]
 72004 | Zig:20   | Killed 0nlyMegaZig's ghost
 72004 | Zig:20   | Reached skill level 16 in Charms
 72016 | Zig:20   | Reached skill level 17 in Charms
 72019 | Zig:20   | Identified Sif Muna's Papyrus of Earthen Calling (Sif Muna gifted it to you on level 20 of a ziggurat)
 72019 | Zig:20   | Received a gift from Sif Muna
 72019 | Zig:20   | Reached skill level 18 in Charms
 72044 | Zig:20   | Found the +15 Maxwell's patent armour {-Cast -Tele rElec MR+ rCorr}
 72045 | Zig:20   | Found the amulet of the Four Winds {rN+ MR+++ Clar}
 72047 | Zig:20   | Found the +9 staff of Olgreb {rPois}
 72083 | Zig:20   | Identified a book of Geomancy
 72121 | Zig:20   | Reached skill level 21 in Dodging
 72123 | Zig:20   | Reached skill level 22 in Dodging
 72127 | Zig:20   | Got a coiled golden ring
 72148 | Zig:20   | Learned a level 6 spell: Death Channel
 72161 | Zig:21   | Entered Level 21 of a ziggurat
 72183 | Zig:21   | Reached skill level 14 in Fighting
 72201 | Zig:21   | Reached skill level 15 in Fighting
 72263 | Zig:21   | Identified the Collected Works on Companions and Displacement
 72339 | Zig:21   | Learned a level 8 spell: Infestation
 72368 | Zig:22   | Entered Level 22 of a ziggurat
 72498 | Zig:22   | Reached skill level 16 in Fighting
 72604 | Zig:22   | Found the +4 dagger "Morg" {pain, MR+ Int+5}
 72632 | Zig:22   | Identified the Disquisition on Quantum Changing
 72637 | Zig:22   | Got a crude bronze ring
 72690 | Zig:22   | Got a faintly glowing lapis lazuli ring
 72694 | Zig:23   | Entered Level 23 of a ziggurat
 72727 | Zig:23   | HP: 76/160 [torturous blood saint/iceblast (35)]
 72728 | Zig:23   | Reached skill level 17 in Fighting
 72733 | Zig:23   | Noticed Ateedixko the pandemonium lord
 72734 | Zig:23   | HP: 55/161 [Hell Sentinel/damnation (27)]
 72748 | Zig:23   | HP: 51/152 [disintegration (30)]
 72749 | Zig:23   | Killed from afar by a hellion

Skill      XL: |  1  2  3  4  5  6  7  8  9 10 11 12 13 14 15 16 17 18 19 20 21 22 23 24 25 26 27 |
---------------+----------------------------------------------------------------------------------+-----
Conjurations   | 5 6 7 8 9 10 11 14 16 19 20 21 22 23 24 | 24.9
Spellcasting   | 4 5 6 7 8 12 15 17 18 | 18.3
Dodging        | 9 16 17 22 | 22.4
Invocations    | 4 7 10 | 10.6
Shields        | 4 |  4.1
Fighting       | 5 6 9 11 17 | 17.2
Translocations | 3 15 16 | 16.0
Ice Magic      | 3 13 17 20 22 24 | 24.6
Necromancy     | 8 14 16 17 | 17.5
Charms         | 6 18 | 18.9
Transmutations | 7 16 | 16.2
Earth Magic    | 8 |  8.5
Stealth        | |  2.4

Action                   |  1- 3 |  4- 6 |  7- 9 | 10-12 | 13-15 | 16-18 | 19-21 | 22-24 | 25-27 || total
-------------------------+-------+-------+-------+-------+-------+-------+-------+-------+-------++-------
Melee: Unarmed           |       |     3 |       |       |       |       |       |       |       ||     3
       Staff             |       |       |       |       |       |    38 |     6 |     3 |    19 ||    66
       Peck              |       |       |       |       |       |    11 |       |       |     9 ||    20
 Fire: Hand crossbow     |       |       |    44 |    63 |     1 |       |       |       |       ||   108
 Cast: Magic Dart        |    76 |   101 |   174 |   320 |    87 |   302 |    22 |     3 |       ||  1085
       Searing Ray       |       |     9 |    40 |    77 |    13 |       |       |       |       ||   139
       Iskenderun's Myst |       |       |    12 |   104 |   236 |   233 |    36 |    59 |       ||   680
       Orb of Destructio |       |       |       |    20 |   106 |   284 |   277 |   303 |    50 ||  1040
       Fireball          |       |       |       |       |    59 |     1 |       |       |       ||    60
       Bolt of Cold      |       |       |       |       |     9 |     7 |     7 |     4 |       ||    27
       Freezing Cloud    |       |       |       |       |       |   114 |     3 |       |       ||   117
       Blink             |       |       |       |       |       |     7 |     3 |     4 |     1 ||    15
       Glaciate          |       |       |       |       |       |     8 |    50 |    65 |   130 ||   253
       Simulacrum        |       |       |       |       |       |       |     5 |     2 |       ||     7
       Shroud of Golubri |       |       |       |       |       |       |     2 |       |    20 ||    22
       Borgnjor's Vile C |       |       |       |       |       |       |       |    95 |    91 ||   186
       Deflect Missiles  |       |       |       |       |       |       |       |     5 |     3 ||     8
       Necromutation     |       |       |       |       |       |       |       |    34 |    50 ||    84
       Controlled Blink  |       |       |       |       |       |       |       |       |    16 ||    16
       Borgnjor's Revivi |       |       |       |       |       |       |       |       |     2 ||     2
       Death Channel     |       |       |       |       |       |       |       |       |     1 ||     1
       Infestation       |       |       |       |       |       |       |       |       |     1 ||     1
Invok: Divine Energy     |       |       |       |     5 |     9 |    17 |     7 |     8 |     6 ||    52
       Stop Divine Energ |       |       |       |     5 |     9 |    16 |     8 |     8 |     5 ||    51
       Channel Magic     |       |       |       |       |       |     3 |     6 |       |    25 ||    34
 Abil: End Transformatio |       |       |       |       |       |       |       |       |     3 ||     3
Evoke: Wand              |       |       |       |       |       |       |     2 |       |       ||     2
  Use: Potion            |       |     2 |     1 |     9 |     1 |     6 |    23 |     1 |    10 ||    53
       Scroll            |       |       |    10 |     8 |    13 |    19 |    14 |    15 |    34 ||   113
  Eat: Chunk             |       |     3 |    15 |    33 |    37 |    85 |    81 |    45 |     2 ||   301
       Ration            |       |     1 |       |     4 |    10 |    14 |    10 |     4 |     2 ||    45
Armor: Robe              |     2 |     4 |     8 |     5 |       |       |       |       |       ||    19
       Skin              |       |     9 |       |    12 |       |       |     1 |       |       ||    22
       Troll leather arm |       |       |       |    13 |    24 |   105 |    12 |    21 |    46 ||   221
       Acid dragon scale |       |       |       |     6 |       |       |       |       |       ||     6
Dodge: Dodged            |     5 |    14 |    51 |   175 |    76 |   347 |    75 |   153 |   150 ||  1046
       Deflected         |       |       |       |       |       |       |       |    30 |    33 ||    63
Block: Buckler           |       |       |       |       |    13 |   146 |    55 |    79 |    80 ||   373
